 Dungeon Crawl Stone Soup version 0.20.1-1-g8b1a95d (webtiles) character file.

209 selver the Slinger (level 6, -3/41 HPs)
             Began as a Halfling Hunter on Oct 27, 2017.
             Killed from afar by an orc wizard (5 damage)
             ... with a puff of frost
             ... on level 4 of the Dungeon.
             The game lasted 00:24:47 (2799 turns).

selver the Slinger (Halfling Hunter)                Turns: 2799, Time: 00:24:48

Health: -3/41      AC:  6    Str: 13    XL:     6   Next: 12%
Magic:  6/6        EV: 14    Int: 10    God:
Gold:   161        SH:  0    Dex: 19    Spells: 5/5 levels left

rFire    . . .     SeeInvis .   a - +1 hunting sling
rCold    . . .     Gourm    .   (shield restricted)
rNeg     . . .     Faith    .   s - +1 ring mail
rPois    .         Spirit   .   (no helmet)
rElec    .         Reflect  .   (no cloak)
rCorr    +         Harm     .   (no gloves)
MR       .....                  (no boots)
Stlth    +.........             (no amulet)
Regen    0.2/turn               t - +3 ring of dexterity
MPRegen  0.1/turn               y - ring of resist corrosion

@: hasted, very quick
A: mutation resistance 1
a: no special abilities


You were on level 4 of the Dungeon.
You were full.

You visited 1 branch of the dungeon, and saw 4 of its levels.

You collected 161 gold pieces.

Inventory:

Hand Weapons
 a - a +1 hunting sling (weapon)
 b - a +0 short sword
 e - a +1 whip of draining
 h - a +0 short sword
 x - a +0 hunting sling
Missiles
 d - 18 sling bullets (quivered)
 j - 146 stones
 k - a throwing net
 l - 17 bolts
 m - 4 tomahawks
Armour
 c - a +0 leather armour
 n - a +0 leather armour
 o - a +0 ring mail
 s - a +1 ring mail (worn)
Jewellery
 t - a +3 ring of dexterity (left hand)
 y - a ring of resist corrosion (right hand)
Wands
 v - a wand of polymorph (10/24)
Scrolls
 f - a scroll of identify
 q - a scroll of random uselessness
 w - a scroll of remove curse
 D - a scroll of recharging {unknown}
Potions
 r - a potion of degeneration {unknown}
 u - 2 potions of flight {unknown}
 A - a potion of lignification {unknown}
 B - a potion of curing {unknown}
Comestibles
 g - a meat ration
 p - 7 fruits
 z - a bread ration


   Skills:
 + Level 2.9 Fighting
 + Level 8.4 Slings
 + Level 2.1 Armour
 + Level 2.3 Dodging
 + Level 1.1 Stealth


You had 5 spell levels left.
You didn't know any spells.

Dungeon Overview and Level Annotations

Branches:
Dungeon (4/15)
 Temple: D:4-7

Altars:
The Shining One


Innate Abilities, Weirdness & Mutations

You are small and have problems with some larger weapons.
You are somewhat resistant to further mutation.


Message History

As you read the scroll of teleportation, it crumbles to dust.
You feel strangely unstable. The orc barely misses you. The orc misses you.
Your surroundings suddenly seem different.
An orc comes into view. It is wielding a club.
The orc shouts!
An orc priest comes into view. It is wielding a flail.
The orc priest shouts!
An orc priest comes into view. It is wielding a club.
The orc priest shouts!
Found 10 gold pieces.
A frilled lizard and an orc wizard come into view.
The orc wizard casts a cantrip, but nothing happens.
The orc priest invokes the aid of Beogh against you.
Beogh smites you!
* * * LOW HITPOINT WARNING * * *
You feel yourself speed up.
The orc wizard points at you and mumbles some strange words.
The puff of frost hits you!
You die...

.#.# #l.# ..$# #..#
#..# #(# #######l.#
#.# #...##.o.# >..
#..o.oo..### #.#
###
#..@##.....(.......
##.#########(#(#.#
#. #..(..# #.
#(##### #.
#....#o..(# #.
#.###.###.# .. #.
#)# ## #>###.# #
#....o#


You could see 2 orc priests, an orc wizard, an orc and a frilled lizard.

Vanquished Creatures
  Blork the orc (D:4)
  Terence (D:3)
  A gnoll (D:1)
  4 adders
  3 worms
  A dart slug (D:1)
  4 leopard geckos
  A ball python (D:2)
  2 bats (D:3)
  3 giant cockroaches
  6 goblins
  7 hobgoblins
  4 jackals (D:3)
  8 kobolds
  2 frilled lizards
  8 rats
56 creatures vanquished.

Notes
Turn   | Place    | Note
-------+----------+-------------------------------------------
     0 | D:1      | selver the Halfling Hunter began the quest for the Orb.
     0 | D:1      | Reached XP level 1. HP: 14/14 MP: 1/1
    77 | D:1      | Reached skill level 6 in Slings
   205 | D:1      | Reached XP level 2. HP: 19/19 MP: 2/2
   370 | D:1      | Reached XP level 3. HP: 24/24 MP: 3/3
  1032 | D:2      | Reached skill level 7 in Slings
  1033 | D:2      | Reached XP level 4. HP: 26/30 MP: 4/4
  1297 | D:2      | Reached skill level 1 in Armour
  1587 | D:2      | Found a glowing golden altar of the Shining One.
  2155 | D:3      | Reached XP level 5. HP: 33/35 MP: 5/5
  2232 | D:3      | Noticed Terence
  2714 | D:3      | Killed Terence
  2714 | D:3      | Reached skill level 8 in Slings
  2760 | D:4      | Noticed Blork the orc
  2785 | D:4      | Killed Blork the orc
  2785 | D:4      | Reached XP level 6. HP: 8/41 MP: 6/6
  2797 | D:4      | HP: 2/41 [orc priest/divine providence (8)]
  2799 | D:4      | Killed from afar by an orc wizard

Skill      XL: |  1  2  3  4  5 |
---------------+----------------+-----
Slings         | 6 7 8 |  8.4
Fighting       | 2 |  2.9
Armour         | 1 2 |  2.1
Dodging        | |  2.3
Stealth        | |  1.1

Action                   |  1- 3 |  4- 6 || total
-------------------------+-------+-------++-------
 Fire: Hunting sling     |    67 |   111 ||   178
  Use: Scroll            |     1 |     8 ||     9
       Potion            |     1 |     4 ||     5
  Eat: Bread ration      |     1 |       ||     1
       Meat ration       |       |     1 ||     1
Armor: Leather armour    |     2 |       ||     2
       Ring mail         |     5 |     7 ||    12
Dodge: Dodged            |    20 |    30 ||    50
